AoeStats
← AnnDziGro

Arabia

509601536Analyzed
2v2 RM · 5d ago on Sep 27, 2026· 67m 23s· 4 players
Game mode
Random Map
Map size
Medium (4 player)
Population
200
Speed
Normal
Resources
Standard
Victory
Conquest
Starting age
Dark Age
Ending age
Imperial Age
RankedLock teamsTeams togetherTeam positionsShared explorationLock speedFull tech treeHidden civsTurbo modeCheats
Victory
Defeat
🇱🇹 Varangians · Lithuania
969
+14
🇨🇳 Chinese · China
900
+18
🇵🇱 Mongols · Poland
931
-16
🇵🇱 Bohemians · Poland
928
-16
AnnDziGro
10:10 Feudal Age
15:42 Castle Age
14:10 Double-Bit Axe
16:18 Horse Collar
19:19 Pikeman
21:59 Forging
22:14 Bow Saw
23:42 Wheelbarrow
23:50 Town Watch
23:54 Loom
26:10 Fletching
26:51 Hand Cart
30:50 Iron Casting
30:10 Bodkin Arrow
30:37 Squires
36:56 Imperial Age
39:49 Husbandry
40:02 Bloodlines
39:12 Cavalier
41:03 Gold Mining
41:26 Onager
43:39 Blast Furnace
42:39 Bracer
44:13 Town Patrol
44:42 Conscription
46:01 Bloodlines
46:36 Murder Holes
47:43 Nomads
52:02 Scale Barding Armor
51:59 Scale Mail Armor
57:30 Chain Mail Armor
MarDziGro
8:30 Loom
10:42 Feudal Age
16:40 Wheelbarrow
16:02 Double-Bit Axe
24:23 Castle Age
22:20 Arson
22:40 Padded Archer Armor
22:31 Fletching
23:28 Forging
23:22 Scale Mail Armor
23:06 Horse Collar
25:43 Hand Cart
25:33 Squires
25:05 Pikeman
28:52 Iron Casting
28:29 Town Watch
28:51 Bodkin Arrow
29:57 Elite Skirmisher
31:01 Caravan
33:00 Murder Holes
33:48 Leather Archer Armor
35:33 Chemistry
35:45 Heavy Plow
35:58 Bow Saw
37:58 Wagenburg Tactics
38:34 Ballistics
49:37 Imperial Age
47:08 Town Patrol
50:44 Conscription
51:51 Halberdier
IgNi
7:40 Loom
10:02 Feudal Age
10:41 Double-Bit Axe
15:38 Bloodlines
20:52 Castle Age
18:49 Horse Collar
21:37 Wheelbarrow
22:27 Bow Saw
24:59 Heavy Plow
25:05 Husbandry
25:33 Elite Skirmisher
30:40 Fletching
30:51 Padded Archer Armor
31:01 Forging
30:51 Scale Mail Armor
31:00 Scale Barding Armor
35:28 Chain Barding Armor
35:43 Iron Casting
40:12 Imperial Age
38:31 Bodkin Arrow
41:02 Gold Mining
44:51 Ballistics
45:31 Chemistry
44:37 Siege Engineers
45:35 Blast Furnace
45:11 Plate Barding Armor
44:36 Bracer
44:55 Leather Archer Armor
45:08 Elite Jarl
48:25 Light Cavalry
cjf_1
11:37 Feudal Age
19:19 Castle Age
17:57 Double-Bit Axe
19:27 Horse Collar
19:40 Gold Mining
20:27 Pikeman
22:49 Wheelbarrow
24:22 Squires
24:08 Elite Skirmisher
27:22 Heavy Plow
28:15 Forging
29:48 Stone Mining
33:30 Imperial Age
31:42 Scale Mail Armor
33:53 Gold Shaft Mining
35:34 Conscription
34:46 Halberdier
36:08 Iron Casting
39:00 Elite Chu Ko Nu
40:09 Bow Saw
39:46 Town Watch
40:17 Hand Cart
40:13 Scale Barding Armor
44:15 Two-Man Saw
43:56 Heavy Rocket Cart
45:23 Padded Archer Armor
46:05 Ballistics
46:45 Chemistry
46:04 Guard Tower
46:57 Rocketry
49:32 Leather Archer Armor
49:08 Fletching
49:58 Keep
49:44 Bombard Tower
50:19 Husbandry
50:29 Bloodlines
49:40 Light Cavalry
55:16 Chain Barding Armor
58:02 Bodkin Arrow
58:38 Ring Archer Armor
60:21 Bracer
65:27 Cavalier
67:52 Great Wall
68:36 Plate Barding Armor
69:02 Blast Furnace
Connection lost

Rejoining the realm…

Still unreachable

The connection could not be restored.

Session expired

The server has moved on; the page needs a fresh start.